 Dungeon Crawl Stone Soup version 0.31-a0-192-ga50d7bf3bb (webtiles) character file.

Game seed: 7806241931132680698

168 qw the Skirmisher (level 5, 0/29 HPs)
             Began as a Deep Elf Hunter on June 23, 2023.
             Slain by Eustachio
             ... wielding a +0 rapier of venom
              (4 damage)
             ... on level 4 of the Dungeon.
             The game lasted 00:00:47 (1925 turns).

qw the Skirmisher (Deep Elf Hunter)                 Turns: 1925, Time: 00:00:48

Health: 0/29       AC:  6    Str: 10    XL:     5   Next: 23%
Magic:  7/7        EV: 11    Int: 14    God:
Gold:   170        SH:  0    Dex: 18    Spells: 4/4 levels left

rFire   . . .        Y - +1 shortbow
rCold   . . .        (shield currently unavailable)
rNeg    . . .        h - +0 ring mail
rPois   .            j - +0 helmet
rElec   .            (no cloak)
rCorr   .            (no gloves)
SInv    .            (no boots)
Will    .....        a - amulet of faith
Stlth   +            (no ring)
HPRegen 0.24/turn    (no ring)
MPRegen 0.10/turn

%: faith
@: no status effects
A: no striking features
a: no special abilities


You were on level 4 of the Dungeon.
You visited 1 branch of the dungeon, and saw 4 of its levels.

You collected 170 gold pieces.


   Skills:
 - Level 1.5 Fighting
 + Level 8.7 Ranged Weapons
 - Level 2.4 Dodging
 - Level 1.2 Stealth


You had 4 spell levels left.
You didn't know any spells.
Your spell library was empty.

Inventory:

Hand Weapons
 Y - a +1 shortbow (weapon)
Armour
 h - a +0 ring mail (worn)
 j - a +0 helmet (worn)
Jewellery
 a - an amulet of faith (around neck)
Scrolls
 b - a scroll of identify
 c - a scroll of revelation {unknown}
Potions
 d - 3 potions of enlightenment
 e - 2 potions of curing
 f - a potion of might
 g - a potion of brilliance {unknown}
 i - a potion of mutation {unknown}
 k - a potion of ambrosia {unknown}
 l - a potion of heal wounds {unknown}
 p - a potion of lignification {unknown}

Dungeon Overview and Level Annotations

Branches:
Dungeon (4/15)
 Temple: D:4-7

Altars:

Shops:
D:3 (

Annotations:
D:1 1 runed translucent door
D:4 Eustachio


Message History

Eustachio is lightly wounded.
You hear a shout! x2
A gnoll comes into view. It is wielding a +0 whip.
You shoot an arrow. The gnoll shouts!
The arrow hits Eustachio but does no damage.
Eustachio is lightly wounded.
You shoot an arrow. The arrow hits Eustachio.
Eustachio is lightly wounded.
A gnoll comes into view. It is wielding a +0 spear.
You shoot an arrow.
The arrow hits Eustachio but does no damage.
Eustachio is lightly wounded.
A gnoll comes into view. It is wielding a +0 halberd.
You shoot an arrow.
The arrow hits Eustachio but does no damage.
Eustachio is lightly wounded.
You shoot an arrow. The arrow hits Eustachio!
Eustachio is moderately wounded.
Eustachio screams, "Hey, you killed my favourite bat!"
You shoot an arrow. The arrow hits Eustachio.
Eustachio is heavily wounded.
Eustachio barely misses you. The gnoll hits you with a +0 whip!
Eustachio casts a spell.
You shoot an arrow. The arrow hits Eustachio.
Eustachio is severely wounded.
The gnoll hits you from afar with a +0 spear.
The gnoll barely misses you.
Eustachio hits you with a +0 rapier of venom.
You shoot an arrow. The arrow misses Eustachio.
The arrow barely misses the gnoll.
The arrow hits the white imp!
The white imp is severely wounded.
The gnoll barely misses you. The gnoll hits you with a +0 whip.
Eustachio asks, "How can you live without manners, virtues and honour?"
Eustachio hits you with a +0 rapier of venom.
You shoot an arrow. The arrow barely misses Eustachio.
The arrow hits the gnoll!
The gnoll is heavily wounded.
The gnoll barely misses you. The gnoll hits you with a +0 whip.
Eustachio hits you with a +0 rapier of venom.
You die...

...... ......
...... ###......
###........ .
###..........
....#.5..........
....gg@@.........
.....5g##..#..##.
... .. .....##
#..#...# ......
.... #.###..##
#..... ... ##.#
#...###.#... ..
#..###..#.#..#...
.
#...#..##........
##.....>.........
##....##.##<....


You could see Eustachio, a quasit (summoned), 3 gnolls and a white imp
(summoned).

Vanquished Creatures
  Natasha (thrice) (D:3)
  5 adders
  A worm (D:2)
  2 dart slugs
  4 ball pythons
  An endoplasm (D:1)
  2 giant cockroaches
  6 goblins
  6 hobgoblins
  2 quokkas
  4 bats (D:1)
  3 frilled lizards
  5 kobolds
  4 rats (D:1)
48 creatures vanquished.

Notes
Turn   | Place    | Note
-------+----------+-------------------------------------------
     0 | D:1      | qw the Deep Elf Hunter began the quest for the Orb.
     0 | D:1      | Reached XP level 1. HP: 12/12 MP: 3/3
     0 | D:1      | 0 ||| qw: Version: 0.3-a-9-g12657ce
     0 | D:1      | 0 ||| qw: Game counter: 4575
     0 | D:1      | 0 ||| qw: Always use a shield: true
     0 | D:1      | 0 ||| qw: God list: Okawaru
     0 | D:1      | 0 ||| qw: Allow faded altars: false
     0 | D:1      | 0 ||| qw: Do Orc after D:15 true
     0 | D:1      | 0 ||| qw: Do second Lair branch before Depths: true
     0 | D:1      | 0 ||| qw: Lair rune preference: random
     0 | D:1      | 0 ||| qw: Plans: Normal
     0 | D:1      | 0 ||| PLANNING D:1-11
     1 | D:1      | Found a runed translucent door.
   133 | D:1      | Reached skill level 6 in Ranged Weapons
   133 | D:1      | Reached XP level 2. HP: 16/16 MP: 4/4
   210 | D:1      | 210 ||| Stepping ~*~*~tactically~*~*~ (outnumbered).
   669 | D:1      | 669 ||| DROPPING +6 ring of intelligence.
   670 | D:1      | 670 ||| READING scroll labelled UCVUGHULIN.
   671 | D:1      | 671 ||| READING scroll labelled XAGEHI QENT.
   672 | D:1      | 672 ||| DROPPING scroll of butterflies.
   679 | D:2      | 679 ||| STAIRDANCE
   759 | D:2      | Reached XP level 3. HP: 17/20 MP: 5/5
   835 | D:2      | Reached skill level 7 in Ranged Weapons
   890 | D:2      | 890 ||| Stepping ~*~*~tactically~*~*~ (outnumbered).
  1002 | D:2      | Reached XP level 4. HP: 25/25 MP: 6/6
  1102 | D:2      | 1102 ||| UPGRADING to +0 scale mail.
  1112 | D:2      | 1112 ||| DROPPING +0 leather armour.
  1113 | D:2      | 1113 ||| UPGRADING to +0 ring mail.
  1123 | D:2      | 1123 ||| DROPPING +0 scale mail.
  1124 | D:2      | 1124 ||| UPGRADING to +0 helmet.
  1129 | D:2      | 1129 ||| READING scroll labelled ILI IFFEDEHUSH.
  1130 | D:2      | 1130 ||| READING 4 scrolls of identify.
  1130 | D:2      | 1130 ||| IDENTIFYING green potion
  1131 | D:2      | 1131 ||| READING 3 scrolls of identify.
  1131 | D:2      | 1131 ||| IDENTIFYING pink potion
  1132 | D:2      | 1132 ||| READING 2 scrolls of identify.
  1132 | D:2      | 1132 ||| IDENTIFYING grey potion
  1196 | D:3      | Found Fegiybu's Antique Weapon Shoppe.
  1200 | D:3      | 1200 ||| SHOPLISTING runed orcbow (162 gold, have 101).
  1416 | D:3      | Noticed Natasha
  1427 | D:3      | Killed Natasha
  1428 | D:3      | Reached skill level 8 in Ranged Weapons
  1503 | D:3      | Noticed Natasha
  1511 | D:3      | Killed Natasha
  1594 | D:3      | Noticed Natasha
  1598 | D:3      | Killed Natasha
  1599 | D:3      | Reached XP level 5. HP: 27/29 MP: 7/7
  1780 | D:3      | 1780 ||| UPGRADING to amulet of faith.
  1785 | D:3      | 1785 ||| READING scroll labelled EQAMIMIAJU.
  1786 | D:3      | 1786 ||| READING scroll labelled ZIRPHID KUKKUDGH.
  1791 | D:3      | 1791 ||| READING scroll labelled KOXTIN JEPHI.
  1792 | D:3      | 1792 ||| READING scroll labelled ITOPSETATYU.
  1794 | D:3      | 1794 ||| Stepping ~*~*~tactically~*~*~ (cloud).
  1915 | D:4      | Noticed Eustachio
  1925 | D:4      | HP: 4/29 [gnoll/+0 whip (6)]
  1925 | D:4      | Slain by Eustachio

Levels and vault maps discovered:
D:1:      dpeg_arrival_caged_fury, layout_loops_ring
D:2:      layout_rooms
D:3:      layout_basic, serial_shops, shop, serial_park_tiny_2, uniq_natasha
D:4:      kennysheep_the_goblin_king, layout_cave_pools,
          mainiacjoe_overflow_alcove_4, minmay_temple_entry_statues_fountains,
          goddamned_bats, uniq_eustachio

Skill      XL: |  1  2  3  4 |
---------------+-------------+-----
Ranged Weapons | 6 7 8 |  8.7
Fighting       | |  1.5
Dodging        | |  2.4
Stealth        | |  1.2

Action                     |  1- 3 |  4- 6 || total
---------------------------+-------+-------++-------
   Fire: Shortbow          |    91 |    58 ||   149
    Use: Scroll            |     2 |     8 ||    10
 Armour: Leather armour    |     5 |       ||     5
         Ring mail         |       |     8 ||     8
  Dodge: Dodged            |    16 |    16 ||    32

Table legend:
 A = Non-vault XP
 B = Vault XP
 C = Vault XP percentage of total XP
 D = Non-vault monster count
 E = Vault monster count
 F = Vault count percentage of total count
                 A         B        C        D         E       F
            +---------+---------+-------+---------+---------+-------
      Total |     205 |      35 |  14.6 |      47 |       1 |   2.1
            +---------+---------+-------+---------+---------+-------
        D:1 |      38 |       0 |   0.0 |      24 |       0 |   0.0
        D:2 |      60 |       0 |   0.0 |      13 |       0 |   0.0
        D:3 |     106 |      35 |  24.8 |       9 |       1 |  10.0
        D:4 |       1 |       0 |   0.0 |       1 |       0 |   0.0
            +---------+---------+-------+---------+---------+-------
